 Dungeon Crawl Stone Soup version bcrawl-1.12.2 (webtiles) character file.

Game seed: 340892504480737167

3620 Morbidden the Cleaver (level 10, 0/72 HPs)
             Began as a Human Archaeologist on July 18, 2019.
             Was a Follower of Makhleb.
             Killed by vampiric draining
             ... invoked by a vampire
              (15 damage)
             ... on level 8 of the Dungeon.
             The game lasted 00:18:58 (8398 turns).

Morbidden the Cleaver (Human Archaeologist)         Turns: 8398, Time: 00:18:59

Health: 0/72       AC: 37    Str: 11 (14) XL:     10   Next: 32%
Magic:  11/11      EV:  0    Int: 16 (18) God:    Makhleb [*.....]
Gold:   369        SH:  3    Dex: 10 (12) Spells: 9/9 levels left

rFire    . . .     SeeInvis .   h - +1 war axe
rCold    . . .     Gourm    .   s - +0 buckler
rNeg     . . .     Faith    .   f - +8 orange crystal plate armour {Archmagi, Int+3 Clar}
rPois    .         Spirit   .   c - +1 hat
rElec    .         Reflect  .   (no cloak)
rCorr    .         Harm     .   u - +0 pair of gloves
MR       +....     Clarity  +   d - +2 pair of boots
Stlth    ..........             (no amulet)
HPRegen  0.22/turn              j - +5 ring of protection
MPRegen  0.12/turn              A - ring of protection from magic

@: no status effects
A: horns 1, low mp 1
a: Renounce Religion


You were on level 8 of the Dungeon.
You worshipped Makhleb.
Makhleb was aware of your devotion.
You were very hungry.

You visited 1 branch of the dungeon, and saw 8 of its levels.

You collected 630 gold pieces.
You spent 261 gold pieces at shops.

Inventory:

Hand Weapons
 h - a +1 war axe (weapon)
Missiles
 r - a throwing net (quivered) {!f}
Armour
 c - a +1 hat (worn)
 d - a +2 pair of boots (worn)
 f - the +8 orange crystal plate armour (worn) {Archmagi, Int+3 Clar}

   It affects your intelligence (+3).
   It protects you against confusion.
 s - a +0 buckler (worn)
 u - a +0 pair of gloves (worn)
Jewellery
 j - a +5 ring of protection (left hand)
 k - an uncursed ring of protection from cold
 t - an uncursed ring of protection from cold
 v - an uncursed ring of ice
 A - a ring of protection from magic (right hand)
Scrolls
 b - 2 scrolls of blinking {unknown}
 i - 2 scrolls of enchant armour
 l - 3 scrolls of remove curse
 o - a scroll of immolation {unknown}
 q - a scroll of summoning {unknown}
 w - a scroll of fear
 x - a scroll of magic mapping
 y - a scroll of amnesia
 z - a scroll of teleportation {unknown}
 C - a scroll of identify
Potions
 a - a potion of resistance
 n - 2 potions of lignification
 p - 2 potions of brilliance
 B - a potion of invisibility
 D - a potion of mutation
Comestibles
 g - 15 rations {!d}


   Skills:
 + Level 4.2 Fighting
 * Level 10.4(10.6) Axes
   Level 3.1(7.4) Maces & Flails
 * Level 8.1 Armour
 + Level 6.2 Dodging
 + Level 4.9 Stealth
 + Level 1.7 Shields
 * Level 4.3 Invocations


You had 9 spell levels left.
You didn't know any spells.
Your spell library was empty.

Dungeon Overview and Level Annotations

Branches:
Dungeon (8/12)             Temple (0/1) D:7
   Lair: D:7-10         Orc: D:8-11

Altars:
Cheibriados
Dithmenos
Fedhas
Gozag
Kikubaaqudgha
Makhleb
Ru
Wu Jian
Yredelemnul
Zin
The Shining One

Shops:
D:4 (   D:6 [   D:7 ?

Annotations:
D:3 Dowan, Duvessa


Innate Abilities, Weirdness & Mutations

You have a pair of small horns on your head.
Your magical capacity is low. (-10% MP)


Message History

Something bites you but does no damage.
You miss something.
The jelly quivers.
Something hits you but does no damage. Something bites you but does no damage.
You hit something.
The phantom blinks!
Something hits you but does no damage. Something bites you but does no damage.
You barely miss something.
You feel less wooden.
Your +1 hat unmelds from your body.
Your +0 pair of gloves unmelds from your body.
Your +2 pair of boots unmelds from your body.
The +8 orange crystal plate armour {Archmagi, Int+3 Clar} unmelds from your body.
You feel strangely lacking in power.
A vampire appears from thin air!
Reactivating autopickup.
The vampire hits you but does no damage.
The vampire bites you but does no damage.
Your orange crystal plate armour prevents you from hitting the vampire.
The vampire is severely damaged.
The vampire is infused with unholy energy.
You die...

...##.#.#
#.....#
...##.#.#
#.....#
......#.#
#.....#
...####.#
#)....# .###
#.# #.....# .
.# #...#.#
#.#.#.#
#.#.#.#####.#.
#.#.@.........
#.#.#V#####.#.
#.#J.)..[.#
#####)'####
..§§≈ ..≈§§≈#
..≈≈≈≈≈
:.W§§≈§
..≈§§§§


You could see a phantom, a vampire and a jelly.

Vanquished Creatures
  A hippogriff (D:6)
  Eustachio (D:4)
  Sigmund (D:4)
  A steam dragon (D:8)
  Edmund (D:4)
  2 sky beasts
  A black bear (D:6)
  An ice beast (D:7)
  4 ogres
  5 centaurs
  2 big kobolds
  6 bullfrogs
  3 scorpions
  3 killer bees (D:6)
  A howler monkey (D:6)
  2 bullfrog zombies
  4 crimson imps
  A jelly (D:7)
  A quasit (D:7)
  3 hounds
  2 bullfrog skeletons
  An iguana (D:8)
  8 worker ants
  3 worker ant zombies
  Robin (D:4)
  A hound skeleton (D:5)
  5 gnolls (D:8)
  8 adders
  2 shadow imps (D:5)
  2 oozes
  An adder zombie (D:5)
  2 adder skeletons
  3 worms
  5 dart slugs
  7 leopard geckos
  12 orcs
  A ball python (D:3)
  4 bats
  2 bat zombies (D:5)
  2 giant cockroaches
  17 goblins
  7 hobgoblins
  6 jackals
  3 quokkas
  3 frilled lizards
  15 kobolds
167 creatures vanquished.

Notes
Turn   | Place    | Note
-------+----------+-------------------------------------------
     0 | D:1      | Morbidden the Human Archaeologist began the quest for the
                  | Orb.
     0 | D:1      | Reached XP level 1. HP: 15/15 MP: 1/1
   100 | D:1      | Reached XP level 2. HP: 21/21 MP: 2/2
   454 | D:1      | Reached XP level 3. HP: 25/26 MP: 3/3
  1205 | D:2      | Found an opulent altar of Gozag.
  1273 | D:2      | Reached skill level 1 in Armour
  1319 | D:2      | Reached XP level 4. HP: 29/32 MP: 4/4
  1329 | D:2      | Found a glowing silver altar of Zin.
  1329 | D:2      | Noticed an angel
  2117 | D:3      | Found an ornate altar of the Wu Jian Council.
  2138 | D:3      | Reached XP level 5. HP: 25/37 MP: 5/5
  2912 | D:4      | Reached XP level 6. HP: 43/43 MP: 6/6
  2913 | D:4      | Noticed Edmund
  2988 | D:4      | Noticed Dowan
  2988 | D:4      | Noticed Duvessa
  2993 | D:3      | Paralysed by Dowan for 3 turns
  3008 | D:3      | Gained mutation: You are weak. (Str -2) [potion of
                  | mutation]
  3008 | D:3      | Gained mutation: You have a pair of small horns on your
                  | head. [potion of mutation]
  3008 | D:3      | Gained mutation: Your magical capacity is low. (-10% MP)
                  | [potion of mutation]
  3008 | D:3      | Lost mutation: You are weak. (Str -2) [potion of mutation]
  3226 | D:4      | Noticed Eustachio
  3240 | D:4      | Reached skill level 1 in Axes
  3544 | D:4      | Found Hajitiepn's Antique Weapon Shoppe.
  3559 | D:4      | Killed Eustachio
  3559 | D:4      | Reached skill level 2 in Axes
  3559 | D:4      | Reached skill level 5 in Dodging
  3559 | D:4      | Reached XP level 7. HP: 13/50 MP: 6/6
  3572 | D:4      | Reached skill level 3 in Axes
  3825 | D:4      | Killed Edmund
  3950 | D:4      | Noticed Robin
  3953 | D:4      | Noticed Sigmund
  3957 | D:4      | Reached skill level 4 in Axes
  3960 | D:4      | Killed Robin
  3988 | D:5      | Entered Level 5 of the Dungeon
  3996 | D:5      | Reached skill level 5 in Armour
  4215 | D:5      | Reached XP level 8. HP: 44/57 MP: 7/7
  4265 | D:5      | Reached skill level 5 in Axes
  4301 | D:5      | Found a basalt altar of Yredelemnul.
  4304 | D:5      | Found a glowing golden altar of the Shining One.
  4315 | D:5      | Noticed an angel
  4597 | D:5      | Found a sacrificial altar of Ru.
  4715 | D:5      | Found a burning altar of Makhleb.
  4725 | D:5      | Became a worshipper of Makhleb the Destroyer
  4767 | D:5      | Reached skill level 6 in Axes
  4868 | D:5      | Found an ancient bone altar of Kikubaaqudgha.
  5055 | D:4      | Killed Sigmund
  5055 | D:4      | Reached skill level 1 in Invocations
  5354 | D:6      | Reached skill level 7 in Axes
  5354 | D:6      | Reached XP level 9. HP: 57/64 MP: 9/9
  5427 | D:6      | Found Leapoa Tibb's Antique Armour Shoppe.
  5430 | D:6      | Bought a transparent scale mail for 261 gold pieces
  5440 | D:6      | Identified the +1 scale mail of the Swan {+Inv} (You bought
                  | it in a shop on level 6 of the Dungeon)
  6079 | D:6      | Reached skill level 8 in Axes
  6700 | D:6      | Found a blossoming altar of Fedhas.
  6702 | D:6      | Noticed a hippogriff
  6713 | D:6      | Killed a hippogriff
  6716 | D:6      | Reached skill level 1 in Shields
  7099 | D:7      | Found a staircase to the Ecumenical Temple.
  7103 | D:7      | Reached skill level 9 in Axes
  7266 | D:7      | Reached * piety under Makhleb
  7266 | D:7      | Reached XP level 10. HP: 69/71 MP: 11/11
  7479 | D:7      | Found Imisut's Magic Scroll Shop.
  7559 | D:7      | Found a snail-covered altar of Cheibriados.
  7653 | D:7      | Reached skill level 10 in Axes
  7948 | D:8      | Found a shadowy altar of Dithmenos.
  8398 | D:8      | Killed from afar by a vampire

Skill      XL: |  1  2  3  4  5  6  7  8  9 10 |
---------------+-------------------------------+-----
Stealth        | 4 |  4.9
Dodging        | 4 5 6 |  6.2
Armour         | 1 2 3 4 5 6 7 8 |  8.1
Maces & Flails | 2 3 |  3.1
Axes           | 2 4 7 9 10 | 10.4
Fighting       | 2 3 4 |  4.2
Invocations    | 1 3 4 |  4.3
Shields        | 1 |  1.7

Action                   |  1- 3 |  4- 6 |  7- 9 | 10-12 || total
-------------------------+-------+-------+-------+-------++-------
Melee: Whip              |    60 |       |       |       ||    60
       Mace              |    74 |   145 |       |       ||   219
       War axe           |       |    99 |   345 |   166 ||   610
       Headbutt          |       |    11 |    46 |    27 ||    84
  Use: Scroll            |       |     2 |     7 |     2 ||    11
       Potion            |       |     2 |     2 |     3 ||     7
 Stab: Sleeping          |     6 |     4 |     2 |       ||    12
       Distracted        |     2 |       |       |       ||     2
  Eat: Chunk             |     1 |     4 |    12 |     4 ||    21
       Ration            |       |     1 |       |       ||     1
Armor: Robe              |    51 |   134 |       |       ||   185
       Ring mail         |       |    44 |   181 |       ||   225
       Crystal plate arm |       |       |    35 |   226 ||   261
       Skin              |       |       |       |    32 ||    32
Dodge: Dodged            |   102 |   345 |   280 |    18 ||   745
Block: Buckler           |       |       |    37 |    37 ||    74
